Map: Rhoskallian LE

Players

qqq - Winner!

  • Race: Zerg Zerg
  • League: Platinum
  • Spawn Location: 5:00

Massa - Winner!

  • Race: Terran Terran
  • League: Gold
  • Spawn Location: 6:00

James

  • Race: Terran Terran
  • League: Gold
  • Spawn Location: 12:00

Pierre

  • Race: Zerg Zerg
  • League: Platinum
  • Spawn Location: 11:00

VOD

Have the link to the VOD?

Description

Time

  • Played on: June 8, 2020, 12:05 p.m.
  • Length: 6:47
Show
View Real Time Build Order
Export as new Build Order

qqq Zerg - Winner!

Build Orders: Hatch First 

Get SALT Encoding   

  12  0:02  Drone  
  13  0:10  Drone  
  14  0:37  Hatchery  
  13  0:54  Spawning Pool  
  12  0:58  Drone  
  12  1:00  Drone  
  12  1:04  Extractor  
  13  1:08  Drone  
  14  1:17  Overlord  
  14  1:28  Overlord  
  14  1:35  Overlord  
  14  1:49  Queen  
  16  1:55  Drone  
  17  2:02  Drone  
  17  2:06  Drone  
  19  2:09  Drone  
  20  2:18  Metabolic Boost  
  20  2:23  Zergling x2  
  20  2:27  Zergling x2  
  22  2:32  Zergling x2  
  23  2:40  Zergling x2  
  23  2:41  Drone  
  23  2:42  Zergling x2  
  26  2:46  Drone  
  27  2:57  Zergling x4  
  29  3:05  Queen  
  31  3:06  Zergling x2  
  32  3:17  Zergling x6  
  35  3:25  Baneling Nest  
  35  3:26  Zergling x2  
  35  3:30  Drone  
  36  3:35  Zergling x2  
  37  3:42  Zergling x2  
  37  3:43  Zergling x4  
  40  3:53  Zergling x2  
  40  3:54  Zergling x2  
  42  4:09  Zergling x4  
  44  4:10  Overlord  
  44  4:11  Overlord  
  44  4:30  Zergling x10  
  43  4:31  Drone, Zergling x2  
  39  4:47  Zergling x2  
  39  4:48  Zergling x6  
  42  4:58  Zergling x2  
  42  4:59  Zergling x2  
  41  5:17  Baneling x6  
  41  5:19  Zergling x4  
  41  5:20  Zergling x4  
  37  5:43  Zergling x8  
  37  5:44  Zergling x8  
  37  5:46  Baneling x2  
  37  5:47  Baneling x5  
  39  6:12  Zergling x6  
  39  6:13  Zergling x4  
  38  6:27  Zergling x2  
  38  6:28  Drone x2  
  43  6:41  Hatchery  
Show
View Real Time Build Order
Export as new Build Order

Massa Terran - Winner!

Build Orders:  

Get SALT Encoding   

  12  0:11  Supply Depot  
  12  0:13  SCV  
  13  0:26  SCV  
  14  0:38  SCV  
  14  0:41  Barracks  
  15  0:50  SCV  
  16  1:02  SCV  
  17  1:14  SCV  
  18  1:26  SCV  
  18  1:31  Marine  
  20  1:36  Barracks  
  20  1:37  Supply Depot  
  20  1:38  SCV  
  21  1:49  Marine  
  21  1:51  Supply Depot  
  22  1:55  Orbital Command  
  22  1:59  Refinery  
  22  2:13  Supply Depot  
  22  2:20  SCV  
  23  2:22  Refinery  
  23  2:32  SCV  
  23  2:41  Marine  
  22  2:59  Marine  
  22  3:05  SCV  
  24  3:07  Marine  
  25  3:17  Factory, Marine, SCV  
  27  3:29  SCV  
  27  3:31  Barracks Reactor  
  28  3:36  Barracks Tech Lab  
  28  4:12  Barracks x2  
  28  4:15  Marauder, Marine  
  28  4:17  Marine  
  31  4:23  Factory Reactor  
  32  4:36  Marauder  
  34  4:48  Marine x2  
  36  4:57  Marauder  
  38  5:01  Barracks, Command Center  
  38  5:06  Marine x2  
  38  5:19  Marauder  
  40  5:23  Marine  
  40  5:24  Marine  
  40  5:40  Marauder  
  40  5:41  Marine  
  43  5:45  Marine x3  
  43  5:49  Hellion  
  45  5:59  Marine  
  45  6:02  Marine  
  47  6:13  Marauder, Marine x2  
  47  6:17  Marine  
  52  6:18  SCV  
  52  6:21  SCV  
  52  6:22  Supply Depot  
  51  6:44  Supply Depot  
Show
View Real Time Build Order
Export as new Build Order

James Terran 

Build Orders: Reaper Expand 

Get SALT Encoding   

  12  0:01  SCV  
  13  0:13  SCV  
  14  0:24  Supply Depot  
  14  0:25  SCV  
  15  0:46  Barracks  
  15  0:48  Refinery, SCV  
  16  1:00  SCV  
  17  1:12  SCV  
  18  1:25  SCV  
  19  1:33  Reaper  
  19  1:37  Command Center  
  20  1:44  Refinery  
  20  1:46  SCV  
  21  1:58  SCV  
  22  2:05  Reaper  
  22  2:14  Orbital Command  
  22  2:51  Refinery  
  21  3:02  SCV x2  
  23  3:14  SCV  
  23  3:16  Orbital Command  
  23  3:22  Barracks Reactor  
  23  3:24  Refinery  
  23  3:26  SCV  
  24  3:29  Factory  
  24  3:40  SCV  
  25  3:51  Supply Depot, SCV  
  25  3:52  SCV  
  27  3:58  Marine x2  
  29  4:03  SCV  
  29  4:04  SCV  
  31  4:13  Factory  
  31  4:15  Factory Tech Lab, SCV  
  31  4:16  Marine x2  
  30  4:34  Marine x2  
  32  4:52  Marine x2  
  21  5:26  Factory  
  21  5:51  Marine  
  21  5:56  SCV  
  23  6:08  SCV  
  23  6:09  Marine  
  25  6:14  Factory Reactor  
  25  6:24  Factory Tech Lab  
  25  6:26  Marine  
  25  6:27  SCV x2  
Show
View Real Time Build Order
Export as new Build Order

Pierre Zerg 

Build Orders: Hatch First 

Get SALT Encoding   

  12  0:01  Drone  
  13  0:13  Overlord  
  13  0:18  Drone  
  14  0:32  Drone x2  
  14  0:35  Drone  
  17  0:57  Drone  
  17  1:01  Drone, Hatchery  
  18  1:11  Extractor  
  18  1:16  Spawning Pool  
  16  1:19  Drone  
  16  1:22  Drone  
  18  1:28  Drone  
  19  1:40  Overlord  
  19  1:52  Overlord  
  19  2:01  Overlord  
  19  2:13  Queen  
  19  2:14  Queen  
  23  2:16  Drone x2  
  23  2:21  Metabolic Boost  
  25  2:24  Zergling x2  
  25  2:25  Zergling x2  
  27  2:40  Drone x2  
  27  2:43  Extractor  
  28  2:51  Drone  
  28  2:53  Drone  
  28  2:57  Drone x2  
  32  3:04  Lair  
  32  3:10  Zergling x4  
  34  3:19  Spine Crawler  
  33  3:23  Zergling x2  
  33  3:24  Zergling x8  
  38  3:27  Zergling x2  
  38  3:28  Zergling x2  
  38  3:31  Zergling x2  
  41  3:45  Drone x4  
  45  3:54  Drone x4  
  49  3:58  Drone  
  49  4:00  Drone  
  51  4:03  Drone  
  52  4:11  Overlord  
  52  4:13  Overlord  
  52  4:17  Overlord  
  52  4:30  Zergling x2  
  52  4:31  Zergling x12  
  52  4:33  Zergling x2  
  48  4:39  Zergling x2  
  48  4:44  Zergling x4  
  50  4:57  Zergling x4  
  49  5:05  Hydralisk Den  
  49  5:06  Zergling x4  
  50  5:13  Zergling x2  
  50  5:14  Zergling x10  
  46  5:31  Zergling x8  
  46  5:40  Hydralisk x4  
  51  5:49  Zergling x8  
  52  5:57  Hydralisk  
  52  6:03  Zergling x2  
  51  6:08  Hydralisk x3  
  35  6:18  Hydralisk x2  
Tags
 
Add a new tag
Caveats
  • Supply blocks, unpowered buildings, or Contaminate may cause inaccurate times.
  • Supply counts are checked every 10 seconds.